 Dungeon Crawl Stone Soup version 0.18.1-47-g9310371 (webtiles) character file.

32 Gargoyl the Skirmisher (level 3, -1/30 HPs)
             Began as a Demonspawn Abyssal Knight on June 13, 2016.
             Was a Follower of Lugonu.
             Slain by an adder (2 damage)
             ... on level 2 of the Dungeon.
             The game lasted 00:09:21 (1112 turns).

Gargoyl the Skirmisher (Demonspawn Abyssal Knight)  Turns: 1112, Time: 00:09:22

Health: -1/30      AC: 12    Str: 11 (13) XL:     3   Next: 10%
Magic:  4/4        EV:  2    Int: 11 (13) God:    Lugonu [*.....]
Gold:   228        SH:  0    Dex:  9 (12) Spells: 0 memorised, 2 levels left

rFire  . . .     SeeInvis .     o - +0 battleaxe
rCold  . . .     Gourm    .     g - +0 plate armour
rNeg   . . .     Faith    .     (shield currently unavailable)
rPois  .         Spirit   .     m - +0 helmet
rElec  .         Dismiss  .     (no cloak)
rCorr  .         Reflect  .     (no gloves)
SustAt .         Harm     .     (no boots)
MR     .....                    (no amulet)
Stlth  ..........               (no ring)
                                (no ring)

@: lethally poisoned (-1 -> -9), not resistant to hostile enchantments,
extremely unstealthy
A: powered by pain 1
a: Depart the Abyss, Renounce Religion


You were on level 2 of the Dungeon.
You worshipped Lugonu.
Lugonu was aware of your devotion.
You were not hungry.

You visited 1 branch of the dungeon, and saw 2 of its levels.
You visited the Abyss 1 time.

You collected 228 gold pieces.

Inventory:

Hand Weapons
 o - a +0 battleaxe (weapon)
Armour
 g - a +0 plate armour (worn)
 m - a +0 helmet (worn)
Scrolls
 a - a scroll of immolation {unknown}
 d - 2 scrolls of enchant weapon {unknown}
 e - a scroll of amnesia {unknown}
 f - 2 scrolls of teleportation {unknown}
 h - 2 scrolls of identify {unknown}
 j - a scroll of fear {unknown}
 n - a scroll of magic mapping {unknown}
 p - a scroll of noise {unknown}
Potions
 k - a potion of ambrosia
 l - a potion of degeneration
Comestibles
 c - 2 bread rations
 i - a meat ration


   Skills:
 + Level 3.7 Fighting
 + Level 2.1 Axes
 * Level 2.1 Armour
 + Level 0.8 Dodging
 + Level 2.6 Invocations


You had 2 spell levels left.
You didn't know any spells.

Dungeon Overview and Level Annotations

Branches:
Dungeon (2/15)

Altars:
Okawaru


Innate Abilities, Weirdness & Mutations

You sometimes gain a little power by taking damage.


Message History

You closely miss the adder.
The adder is lightly wounded.
You feel sick. The adder bites you.
* * * LOW HITPOINT WARNING * * *
You are more poisoned.
The adder poisons you! The adder bites you but does no damage.
You miss the adder.
The adder is lightly wounded.
* * * LOW HITPOINT WARNING * * *
You feel sick. The adder bites you but does no damage.
The adder barely misses you.
You closely miss the adder.
The adder is lightly wounded.
* * * LOW HITPOINT WARNING * * *
You feel sick.
The adder bites you but does no damage. x2
You miss the adder.
The adder is lightly wounded.
* * * LOW HITPOINT WARNING * * *
You feel sick. The adder bites you.
You die...

#>. . #...# . #.#.
.##### #.. ...... #.#
.##### ######.# #...
#.....†#### #...
#......'..# #...
#...@S(##.# #######.
#.........####.......
#######.#....#.######
####...##.#.....#
#...............#
#...............#
#............##.#
#...............#
#...........#####


You could see an adder.

Vanquished Creatures
  An ooze (D:2)
  A worm (D:2)
  A giant gecko (D:1)
  A ball python (D:2)
  2 giant cockroaches (D:1)
  6 goblins (D:1)
  3 hobgoblins
  2 kobolds
  2 bats (D:1)
  A giant newt (D:1)
  2 rats
22 creatures vanquished.

Vanquished Creatures (others)
  4 starspawn tentacles (Abyss:4)
4 creatures vanquished.

Grand Total: 26 creatures vanquished

Notes
Turn   | Place    | Note
--------------------------------------------------------------
     0 | Abyss:1  | Gargoyl the Demonspawn Abyssal Knight began the quest for the Orb.
     0 | Abyss:1  | Reached XP level 1. HP: 18/18 MP: 2/2
    53 | Abyss:1  | Noticed a starcursed mass
   126 | Abyss:4  | Found a corrupted altar of Lugonu.
   161 | Abyss:4  | Noticed a tentacled starspawn
   171 | Abyss:4  | Noticed a tentacled starspawn
   186 | Abyss:4  | Noticed a starcursed mass
   188 | D:1      | Escaped the Abyss
   505 | D:1      | Gained mutation: You sometimes gain a little power by taking damage. [demonic ancestry]
   505 | D:1      | Reached XP level 2. HP: 24/24 MP: 3/3
   571 | D:1      | Reached * piety under Lugonu
   956 | D:2      | Found an iron altar of Okawaru.
  1001 | D:2      | Found a faded altar to an unknown god.
  1033 | D:2      | Reached XP level 3. HP: 30/30 MP: 4/4
  1112 | D:2      | HP: 1/30 [poisoned by an adder]
  1112 | D:2      | Slain by an adder

Skill      XL: |  1  2 |
---------------+-------+-----
Armour         | 2 |  2.1
Axes           | 2 |  2.1
Fighting       | |  3.7
Dodging        | |  0.8
Invocations    | |  2.6

Action                   || total
-------------------------++-------
Melee: Hand axe          ||    59
       Battleaxe         ||    46
Throw: Tomahawk          ||     4
Invok: Depart the Abyss  ||     1
  Use: Potion            ||     2
  Eat: Chunk             ||     1
Armor: Plate armour      ||   127
Dodge: Dodged            ||    19
